 Dungeon Crawl Stone Soup version 0.19-a0-475-gfca3800 (webtiles) character file.

40163 namelastname112 the Covert (level 13, -4/101 HPs)
             Began as a Vampire Enchanter on June 4, 2016.
             Was an Initiate of Gozag.
             Slain by a five-headed hydra (12 damage)
             ... on level 2 of the Lair of Beasts.
             The game lasted 00:44:13 (18401 turns).

namelastname112 the Covert (Vampire Enchanter)     Turns: 18401, Time: 00:44:14

Health: -4/101     AC:  7    Str: 11    XL:     13   Next: 73%
Magic:  26/26      EV: 20    Int: 17    God:    Gozag
Gold:   2228       SH:  5    Dex: 20    Spells: 4 memorised, 19 levels left

rFire  + . .     SeeInvis +     X - +0 dagger (vamp)
rCold  + + .     Gourm    .     L - +0 leather armour {rC+}
rNeg   + + .     Faith    .     G - +0 buckler
rPois  +         Spirit   .     R - +0 hat {MR+}
rElec  .         Dismiss  .     o - +0 cloak
rCorr  .         Reflect  .     v - +0 pair of gloves
SustAt .         Harm     .     r - +1 pair of boots
MR     ++...                    m - amulet of magic regeneration
Stlth  +++++++...               C - +4 ring of strength
                                f - ring of protection from fire

@: lethally poisoned (-4 -> -5), regenerating slowly, very resistant to hostile
enchantments, extremely stealthy
A: fangs 3, see invisible, unbreathing
a: Bat Form, Potion Petition, Call Merchant, Bribe Branch, Renounce Religion


You were on level 2 of the Lair of Beasts.
You worshipped Gozag.
Gozag was noncommittal.
You were thirsty.

You visited 2 branches of the dungeon, and saw 17 of its levels.
You also visited: Ice Cave.

You collected 4658 gold pieces.
You paid 2430 gold pieces to Gozag.

Inventory:

Hand Weapons
 b - a +0 blowgun
 X - a +0 vampiric dagger (weapon)
Missiles
 M - 23 poisoned needles
Armour
 o - a +0 cloak (worn)
 r - a +1 pair of boots (worn)
 v - a +0 pair of gloves (worn)
 G - a +0 buckler (worn)
 L - a +0 leather armour of cold resistance (worn)
 R - a +0 hat of magic resistance (worn)
Magical Staves
 s - an uncursed staff of wizardry
Jewellery
 f - a ring of protection from fire (left hand)
 m - an amulet of magic regeneration (around neck)
 C - a +4 ring of strength (right hand)
 J - an uncursed ring of resist corrosion
Wands
 d - a wand of random effects (14/48)
 x - a wand of paralysis (17/24)
 y - a wand of iceblast (10/15)
 B - a wand of disintegration (13/24)
 K - a wand of digging (6/24)
 T - a wand of heal wounds (3/9)
 U - a wand of disintegration (10/24)
 W - a wand of disintegration (12/24)
 Y - a wand of iceblast (6/15)
Scrolls
 e - 2 scrolls of magic mapping
 g - 4 scrolls of fear
 j - 3 scrolls of teleportation
 p - 3 scrolls of enchant weapon
 t - 2 scrolls of enchant armour
 F - 2 scrolls of recharging
 O - a scroll of amnesia
 P - 4 scrolls of remove curse
 S - a scroll of fog
Potions
 a - 3 potions of cure mutation
 c - 2 potions of heal wounds
 h - 4 potions of lignification {unknown}
 i - 2 potions of magic {unknown}
 k - 2 potions of ambrosia
 l - 4 potions of agility {unknown}
 n - 3 potions of curing
 q - 2 potions of brilliance
 u - 5 potions of resistance {unknown}
 w - a potion of might {unknown}
 z - 2 potions of haste
 A - 3 potions of mutation
 D - a potion of invisibility
 E - a potion of berserk rage
 Q - 3 potions of flight
 V - a potion of cancellation {unknown}


   Skills:
 + Level 9.0 Fighting
 + Level 10.8 Short Blades
 + Level 11.0 Dodging
 + Level 14.6 Stealth
 * Level 3.3 Shields
 + Level 9.2 Spellcasting
 + Level 14.1 Hexes


You had 19 spell levels left.
You knew the following spells:

 Your Spells              Type           Power        Failure   Level  Hunger
a - Tukima's Dance        Hex            ######..     1%          3    None
c - Dazzling Spray        Conj/Hex       ####..       2%          3    None
x - Confuse               Hex            ######..     1%          3    None
z - Ensorcelled Hibernat  Hex/Ice        ####..       1%          2    None


Dungeon Overview and Level Annotations

Branches:
Dungeon (15/15)            Temple (0/1) D:7            Lair (2/8) D:10
    Orc (0/2) D:12         Vaults (0/5) D:14
 Depths: D:15

Altars:
Elyvilon
Fedhas
Gozag
Hepliaklqana
Kikubaaqudgha
Makhleb
Nemelex Xobeh
Okawaru
Pakellas
Ru
Sif Muna
Trog
Xom
Yredelemnul
Zin
The Shining One

Shops:
D:10 }   Lair:1 (([


Innate Abilities, Weirdness & Mutations

You heal slowly.
You have razor-sharp teeth.
You have supernaturally acute eyesight. (SInv)
You can survive without breathing.


Message History

You feel sick.
You take 1 damage, and have 12/101 hp.
You feel sick.
You take 1 damage, and have 11/101 hp.
You feel sick.
You take 1 damage, and have 10/101 hp.
You feel sick.
You take 1 damage, and have 10/101 hp.
You feel sick.
You take 1 damage, and have 9/101 hp.
You hit the fungus.
The fungus is heavily damaged.
You feel sick.
You feel sick.
You take 1 damage, and have 8/101 hp.
The five-headed hydra misses you.
The five-headed hydra closely misses you.
The five-headed hydra bites you!
You die...
Your body crumbles into a pile of gold.

##.....##.................
#####..#...#.......#.##....##.
##......#.........#.####....##.
#.............#...####......##.
##..........##.#..#.###.....#..
###.........######.....P........
#...>.....#..##.#........#...###
#......######..#......##.....##.
##.....P#####..@D.....#####...#.
#...............P....## #..##.
##P.#..........P#..)..####...#.
#####............##.#...#P#.P##.
##.###P.......S....##..#.....####
..>..##.##..................###..
........##...#.........#....##...
.............#P....#.....#..#....
P.......................P......P#


You could see a five-headed hydra and a water moccasin (wandering).

Vanquished Creatures
  Gastronok (D:8)
  Snorg (D:10)
  An ettin (D:14)
  A vault guard (D:14)
  Erica (Lair:2)
  3 hydras
  A centaur warrior (D:14)
  A death knight (D:13)
  A tengu warrior (D:14)
  A hell knight (D:14)
  An unseen horror (D:11)
  A hill giant (D:14)
  2 deep elf magi
  A necromancer (IceCv)
  A phantasmal warrior (D:14)
  An orc knight (D:14)
  3 cyclopes
  A griffon (D:13)
  A manticore (D:12)
  A centaur zombie (D:14)
  Maurice (D:13)
  A gargoyle (D:14)
  5 spiny frogs (Lair:2)
  A freezing wraith (D:14)
  A yaktaur (D:14)
  2 komodo dragons (Lair:1)
  6 ice devils (IceCv)
  A jumping spider (shapeshifter) (D:13)
  A queen bee (Lair:1)
  3 trolls
  A two-headed ogre (D:10)
  2 merfolk (shapeshifter) (D:14)
  8 blink frogs
  A vampire (D:13)
  2 shadows (D:14)
  A water elemental (D:14)
  A wyvern (D:9)
  A hog (D:7)
  A human (D:7)
  30 yaks
  2 hippogriffs (Lair:2)
  2 basilisks
  A basilisk (shapeshifter) (D:14)
  3 hungry ghosts
  3 vampire mosquitoes (D:11)
  Menkaure (D:4)
  7 water moccasins
  6 porcupines
  An ice beast (D:7)
  7 orc warriors
  4 sky beasts
  3 phantoms
  2 wasps
  2 black bears
  5 ogres
  10 wolves
  10 crocodiles
  9 centaurs
  3 big kobolds
  A gnoll sergeant (D:8)
  10 giant frogs
  A water moccasin zombie (D:9)
  3 scorpions
  28 killer bees
  3 wights (D:13)
  An electric eel (D:10)
  4 howler monkeys
  2 crimson imps
  5 hounds
  3 draconian simulacra (IceCv)
  A giant frog zombie (D:7)
  2 centaur skeletons
  10 orc priests
  2 giant frog skeletons
  3 jellies
  10 orc wizards
  Jessica (D:6)
  9 iguanas
  16 worker ants
  2 troll simulacra (IceCv)
  7 sheep
  2 centaur simulacra (IceCv)
  A hound zombie (D:7)
  2 hound skeletons (D:4)
  14 adders
  11 gnolls
  12 river rats
  3 ogre simulacra (IceCv)
  5 shadow imps
  12 white imps (D:13)
  An ooze (D:3)
  An adder skeleton (D:6)
  2 worms
  4 dart slugs
  4 giant geckos
  54 orcs
  5 ball pythons
  8 giant cockroaches
  9 hobgoblins
  5 jackals (D:5)
  6 quokkas
  2 bats
  A giant gecko zombie (D:7)
  2 giant newts
  15 goblins
  25 kobolds
  9 rats
  3 butterflies (D:7)
518 creatures vanquished.

Vanquished Creatures (collateral kills)
  2 orc warriors
  An orc (D:10)
3 creatures vanquished.

Vanquished Creatures (others)
  A dancing weapon (D:14)
  A lightning spire (D:3)
  A quokka (D:14)
  3 fungi
  4 plants (D:10)
10 creatures vanquished.

Grand Total: 531 creatures vanquished

Notes
Turn   | Place    | Note
--------------------------------------------------------------
     0 | D:1      | namelastname112 the Vampire Enchanter began the quest for the Orb.
     0 | D:1      | Reached XP level 1. HP: 13/13 MP: 3/3
     0 | D:1      | epen: ты это
     0 | D:1      | jacquesderrida: EBAT NAMIR NE ZDOETSA
     0 | D:1      | epen: будь щедрее
     0 | D:1      | namelastname112: а ведь и книгу уже годную нашел
   106 | D:1      | epen: а то ты как SUPER NAME
   106 | D:1      | Reached XP level 2. HP: 7/19 MP: 5/5
   339 | D:1      | epen: никогда не отступаешь
   608 | D:1      | Learned a level 2 spell: Ensorcelled Hibernation
   643 | D:1      | Reached XP level 3. HP: 12/24 MP: 3/6
   652 | D:1      | Learned a level 3 spell: Confuse
  1237 | D:2      | Found a hazy altar of Hepliaklqana.
  1271 | D:2      | Reached skill level 5 in Stealth
  1521 | D:2      | Reached XP level 4. HP: 31/31 MP: 4/7
  1659 | D:2      | epen: может в магаз сходить?
  1763 | D:2      | namelastname112: за пиздюлями
  1854 | D:3      | Found an iron altar of Okawaru.
  1920 | D:3      | Noticed a giant frog
  1928 | D:3      | jacquesderrida: nexus is especially notable for its side effects, because it can swap your stats permanently and there is no way to restore it back
  1936 | D:2      | jacquesderrida: EBANOOLIS CHE LE
  2145 | D:3      | Found an opulent altar of Gozag.
  2155 | D:3      | Became a worshipper of Gozag Ym Sagoz the Greedy
  2181 | D:3      | Reached skill level 5 in Hexes
  2197 | D:3      | Reached skill level 1 in Fighting
  2262 | D:3      | Killed a giant frog
  2262 | D:3      | Reached XP level 5. HP: 28/37 MP: 0/9
  2449 | D:3      | Found a sparkling altar of Nemelex Xobeh.
  2500 | D:3      | Found a burning altar of Makhleb.
  2604 | D:3      | Reached XP level 6. HP: 43/43 MP: 3/10
  2608 | D:3      | Found a shimmering altar of Xom.
  2681 | D:3      | Found an oddly glowing altar of Pakellas.
  2682 | D:3      | Noticed a cyclops
  2919 | D:4      | Found a glowing golden altar of the Shining One.
  3054 | D:4      | Found an ancient bone altar of Kikubaaqudgha.
  3058 | D:4      | Found a sacrificial altar of Ru.
  3071 | D:4      | Noticed Menkaure
  3086 | D:4      | Killed Menkaure
  3086 | D:4      | Reached XP level 7. HP: 30/50 MP: 10/12
  3498 | D:5      | Entered Level 5 of the Dungeon
  3987 | D:5      | Reached XP level 8. HP: 57/57 MP: 11/14
  4026 | D:6      | epen: теперь это мискастов /thread/
  4109 | D:6      | Learned a level 3 spell: Tukima's Dance
  4113 | D:6      | Learned a level 3 spell: Dazzling Spray
  4113 | D:6      | epen: кидайте скрины своих фейлов
  4359 | D:6      | epen: а мы чеибоги будем смеяться
  4469 | D:6      | epen: над вехуметохолопами
  4538 | D:6      | jacquesderrida: hi
  4623 | D:6      | Noticed Jessica
  4627 | D:6      | epen: стой
  4627 | D:6      | Killed Jessica
  4628 | D:6      | epen: стой
  4633 | D:6      | Found a deep blue altar of Sif Muna.
  4657 | D:6      | epen: утопи
  4658 | D:6      | epen: о
  4663 | D:6      | epen: норм
  4712 | D:6      | jacquesderrida: sps
  4728 | D:7      | Found a staircase to the Ecumenical Temple.
  4764 | D:7      | Reached skill level 5 in Short Blades
  4764 | D:7      | Reached skill level 5 in Dodging
  4801 | D:7      | epen: у бабочки мэджик реген
  4833 | D:7      | jacquesderrida: u kavo
  4997 | D:7      | Reached XP level 9. HP: 65/65 MP: 7/16
  5002 | D:7      | Reached skill level 5 in Spellcasting
  5160 | D:7      | Found a glowing silver altar of Zin.
  5228 | D:7      | Found a basalt altar of Yredelemnul.
  5319 | D:7      | epen: babooshki
  5668 | D:8      | Found a bloodstained altar of Trog.
  5831 | D:8      | Noticed Gastronok
  6512 | D:8      | jacquesderrida: Chyei
  6528 | D:8      | Found a bloodstained altar of Trog.
  6916 | D:9      | epen: слыш
  6944 | D:9      | epen: а ты чё конфуз так редко юзаешь?
  6950 | D:9      | epen: бля
  6987 | D:9      | epen: ты это видел?!
  6998 | D:9      | Reached skill level 5 in Fighting
  7002 | D:9      | epen: новый тайл виверны?
  7029 | D:9      | namelastname112: да
  7029 | D:9      | namelastname112: видел
  7029 | D:9      | namelastname112: алсо нихуя не редко
  7372 | D:9      | Reached XP level 10. HP: 74/74 MP: 15/18
  7656 | D:9      | jacquesderrida: yasn
  7724 | D:8      | epen: jac
  7879 | D:8      | epen: blackjac
  7885 | D:8      | jacquesderrida: da-da...
  7885 | D:8      | epen: whitejac
  7913 | D:8      | jacquesderrida: Ya slushayu vas....
  8019 | D:8      | epen: mmm
  8020 | D:8      | epen: shapki
  8051 | D:8      | jacquesderrida: NU ZHE
  8226 | D:8      | jacquesderrida: NADEN V ETOT RAZ NUZHNUYU SHAPKOO EBLAN!!!!!!!!!
  8263 | D:8      | jacquesderrida: SHAS VYEBET
  8270 | D:8      | epen: bat
  8273 | D:8      | epen: bat
  8282 | D:8      | namelastname112: >airstrike
  8282 | D:8      | namelastname112: >bat
  8419 | D:8      | jacquesderrida: LAL U MENYA NA EKRANYE DVA NAMIRA
  8459 | D:8      | epen: lel
  8498 | D:10     | Entered Level 10 of the Dungeon
  8501 | D:10     | jacquesderrida: Odin v uglu sidel
  8502 | D:10     | Found a staircase to the Lair.
  8508 | D:10     | epen: kto-to iz nih liar
  8528 | D:9      | Reached skill level 10 in Stealth
  8573 | D:10     | jacquesderrida: doppelgangbanger
  8696 | D:11     | epen: mom
  8700 | D:11     | epen: jaki pls
  8736 | D:10     | jacquesderrida: mom jajki pls
  8782 | D:10     | epen: ps
  8793 | D:10     | epen: почему дагер не взял?
  8800 | D:10     | namelastname112: веном же
  8804 | D:10     | Reached skill level 10 in Hexes
  8845 | D:10     | epen: а тот какой?
  8855 | D:10     | namelastname112: speed
  8858 | D:10     | epen: а
  8864 | D:10     | epen: ну ок
  8885 | D:10     | epen: давай дискорд
  9009 | D:10     | Noticed Snorg
  9114 | D:10     | Found Peennos's Gadget Shop.
  9207 | D:10     | epen: почему спрей не юзаешь?
  9210 | D:10     | epen: в толпу-то
  9221 | D:10     | Killed Snorg
  9221 | D:10     | Reached XP level 11. HP: 83/83 MP: 19/21
  9311 | D:10     | epen: вооооо
 10144 | D:7      | epen: лел
 10393 | D:8      | epen: 17% это тебе не хуй собачий
 10397 | D:7      | epen: 19*
 10656 | D:8      | epen: спреем бы
 10658 | D:8      | epen: больше вероятность
 10978 | D:8      | namelastname112: ne
 10978 | D:8      | namelastname112: 22 hd
 10978 | D:8      | namelastname112: hui tam
 11124 | D:8      | Found a bloodstained altar of Trog.
 11230 | D:11     | epen: шапка же
 11242 | D:11     | epen: ты чё ты чё
 11355 | D:11     | namelastname112: hilus'
 11368 | D:11     | Noticed an unseen horror
 11393 | D:11     | Killed an unseen horror
 11550 | D:11     | epen: bat
 11551 | D:11     | epen: bat
 11551 | D:11     | epen: bat
 11565 | D:11     | epen: vijebuuut
 11681 | D:11     | Noticed an eight-headed hydra
 11688 | D:11     | Killed an eight-headed hydra
 11689 | D:11     | epen: o
 11694 | D:11     | epen: gaider
 11735 | D:11     | epen: norm posoh
 11867 | D:11     | epen: rmsl кастовать
 12287 | D:8      | Killed Gastronok
 12288 | D:8      | epen: voooooo
 12302 | D:8      | epen: lel
 12320 | D:8      | epen: nu i govno
 12408 | D:12     | epen: go mut
 12440 | D:12     | epen: hey
 12509 | D:12     | epen: mut pls
 12511 | D:12     | namelastname112: potom
 12521 | D:12     | epen: AC+4
 12568 | D:12     | epen: SH+2
 12648 | D:12     | Found a staircase to the Orcish Mines.
 12649 | D:12     | epen: rf++
 12827 | D:12     | epen: ER-2
 12832 | D:12     | Reached XP level 12. HP: 91/91 MP: 20/23
 12903 | D:12     | epen: cho tam eshe
 12903 | D:12     | namelastname112: lel
 12903 | D:12     | namelastname112: arga
 12941 | D:12     | epen: кстати
 12974 | D:12     | epen: оче часто её вижу в последнее время
 13024 | D:12     | epen: lol
 13081 | D:12     | epen: hv palka
 13420 | D:13     | Found a frozen archway.
 13431 | D:13     | Noticed a death knight
 13448 | D:13     | Killed a death knight
 13527 | IceCv    | Entered an ice cave
 14079 | IceCv    | epen: blya
 14080 | IceCv    | epen: bol'na
 14135 | IceCv    | epen: lel
 14149 | IceCv    | epen: prosto 3 svitka tele lejat
 14153 | IceCv    | epen: pohui vsem
 14213 | IceCv    | epen: budta odni fomicidi tut
 14235 | IceCv    | epen: formicidi*
 14332 | IceCv    | namelastname112: предлагаешь даггером эту хуйню ковырять, или че?
 14347 | IceCv    | epen: хм..
 14424 | IceCv    | jacquesderrida: ЕБААААААААААААААААААААТЬ РОБЕН ГУТ НАПАЛЛЛЛЛЛЛЛЛЛЛ
 14473 | D:13     | epen: che?
 14488 | D:13     | Got a shimmering copper amulet
 14490 | D:13     | Identified the amulet of the Final Chapter {RegenMP *Corrode rN++ Int+3} (You found it on level 13 of the Dungeon)
 14491 | D:13     | epen: lol
 14502 | D:13     | Found a blossoming altar of Fedhas.
 14504 | D:13     | epen: odevai
 14507 | D:13     | epen: tak
 14507 | D:13     | epen: paren'
 14508 | D:13     | epen: ты что на д13 забыл?
 14523 | D:13     | epen: ты свой лвл видел?
 14569 | D:13     | epen: а ну бегом в лэйр
 14640 | D:13     | Noticed Maurice
 14652 | D:13     | Killed Maurice
 14652 | D:13     | Reached skill level 10 in Dodging
 14870 | D:13     | namelastname112: хуейр
 14893 | D:13     | jacquesderrida: http://postimg.org/image/jxnh7tb57/
 14904 | D:14     | jacquesderrida: BLYAAAAAAAAAAD
 14917 | D:14     | Found a white marble altar of Elyvilon.
 14924 | D:14     | jacquesderrida: SORY MY MEN
 15038 | D:14     | Noticed an eight-headed hydra
 15039 | D:14     | namelastname112: эммм
 15042 | D:14     | Killed an eight-headed hydra
 15068 | D:14     | epen: о
 15074 | D:14     | epen: люблю этот волт
 15403 | D:14     | Noticed a tengu warrior
 15405 | D:14     | epen: кстати
 15417 | D:14     | epen: ты чё намутировал?
 15419 | D:14     | epen: я пропустил
 15423 | D:14     | Killed a tengu warrior
 15427 | D:14     | namelastname112: ниче
 15436 | D:14     | jacquesderrida: ПЕПИН ЧЕ ДЕЛОТЬ РОБЕНА ЗАМАЧИЛ
 15455 | D:14     | jacquesderrida: МНЕ ПРИШЛОСЬ!!!!!!
 15476 | D:14     | Noticed a centaur warrior
 15486 | D:14     | epen: одень шляпу и раздай деньги бедным
 15495 | D:14     | jacquesderrida: УИФЕ ТФЬШК!!!!!!!!!
 15499 | D:14     | Killed a centaur warrior
 15553 | D:14     | Reached skill level 10 in Short Blades
 15568 | D:14     | jacquesderrida: TAPOR
 15596 | D:14     | Noticed an ettin
 15599 | D:14     | jacquesderrida: CHEREPAH
 15599 | D:14     | Killed an ettin
 15599 | D:14     | Reached XP level 13. HP: 99/99 MP: 25/25
 15602 | D:14     | epen: о
 15611 | D:14     | epen: еттин
 15650 | D:14     | epen: забыл
 15652 | D:14     | jacquesderrida: EPPIN
 15653 | D:14     | epen: как игра называется
 15659 | D:14     | epen: когда прыгаешь через человека
 15671 | D:14     | epen: а потом он прыгает через тебя
 15672 | D:14     | epen: и так до бесконечности
 15702 | D:14     | jacquesderrida: ЧЕРЕЗ ОЧКО
 15716 | D:14     | epen: jac pls
 15743 | D:14     | epen: а
 15745 | D:14     | jacquesderrida: ТАК И ЗОВЕТСЯ!!!!!!!!!!
 15745 | D:14     | epen: чехарда
 15745 | D:14     | namelastname112: чехарда блять
 15768 | D:14     | epen: ты это
 15774 | D:14     | epen: щиты-то качаешь?
 15889 | D:14     | namelastname112: potom
 15939 | D:14     | epen: так выкинь тогда баклер пока
 16008 | D:14     | epen: если чё сбегаешь
 16013 | D:14     | Found a gate to the Vaults.
 16013 | D:14     | Noticed a vault guard
 16014 | D:14     | Killed a vault guard
 16451 | D:15     | Entered Level 15 of the Dungeon
 16454 | D:14     | epen: лол
 16454 | D:14     | epen: мумии
 16454 | D:14     | namelastname112: пора в лейр
 16566 | Lair:1   | Entered Level 1 of the Lair of Beasts
 16573 | Lair:1   | epen: о
 16573 | Lair:1   | epen: морг
 16573 | Lair:1   | namelastname112: ммм
 16573 | Lair:1   | namelastname112: морг
 16573 | Lair:1   | namelastname112: мб некры поучу
 16893 | Lair:1   | Reached skill level 1 in Shields
 17732 | Lair:2   | Found an iron altar of Okawaru.
 17840 | Lair:2   | epen: всё
 17849 | Lair:2   | epen: пойду в магаз
 17863 | Lair:2   | epen: как там на улице
 17937 | Lair:2   | epen: 10 градусов
 18350 | Lair:2   | Noticed Erica
 18357 | Lair:2   | Killed Erica
 18401 | Lair:2   | Slain by a five-headed hydra

Vault maps used:
D:1:      dpeg_arrival_round_b, grunt_decor_mini_mirrors, minivault_14,
          st_stairs_14, hangedman_decor_clover_reticule
D:2:      lemuel_doored_altar, kennysheep_generic_room_9
D:3:      gammafunk_pakellas_spire_experiment, lemuel_crystal_altar,
          nicolae_overflow_crystal_walls, lemuel_crystal_altar,
          okawaru_ov_weapons_minmay, lemuel_crystal_altar
D:4:      tso_metal_star, nicolae_overflow_hidden_temple, uniq_menkaure
D:5:      first_bread, grunt_ministairs_7
D:6:      tgw_sif, minmay_misc_feat_roman
D:7:      zin_statuary, lemuel_coloured_pillars_altar,
          minmay_temple_entry_butterflies, grunt_livestock,
          corexii_leaking_fountain
D:8:      bloody_trog, uniq_gastronok
D:10:     minmay_lair_entry_grove, serial_shops, shop, lightli_minifort,
          uniq_snorg
D:12:     orc_0_dummy, minmay_misc_feat_iff
D:13:     basic_altar, portal_ice_cave_entry_imps, uniq_maurice
D:14:     minmay_octo_star, david_vaults_5, elyvilon_altar_4
D:15:     grunt_enter_depths_giant_problem, serial_undead, serial_undead_c,
          serial_undead_b, serial_undead_f, serial_undead_a, serial_undead_d,
          serial_undead_b, serial_undead_d, serial_undead_b, serial_undead_c,
          serial_undead_e, basic_altar, uniq_louise, uniq_urug, uniq_josephine
Lair:1:   special_room, cheibrodos_lair_caveside_slide, grunt_megastairs_3
Lair:2:   basic_altar, grunt_forest_small_clearings,
          hangedman_lair_generics_rect, uniq_erica
IceCv:    ice_cave_tombish

Skill      XL: |  1  2  3  4  5  6  7  8  9 10 11 12 13 |
---------------+----------------------------------------+-----
Short Blades   | 2 3 4 5 6 7 8 10 | 10.8
Stealth        | 5 6 7 8 9 11 12 14 | 14.6
Dodging        | 3 4 5 6 8 9 10 11 | 11.0
Hexes          | 5 6 8 9 10 12 13 14 | 14.1
Fighting       | 1 2 3 5 6 7 8 9 |  9.0
Spellcasting   | 3 4 5 6 7 8 9 |  9.2
Shields        | 3 |  3.3

Action                   |  1- 3 |  4- 6 |  7- 9 | 10-12 | 13-15 || total
-------------------------+-------+-------+-------+-------+-------++-------
Melee: Dagger            |   114 |   151 |   275 |   514 |   304 ||  1358
       Bite              |     3 |    17 |    25 |    61 |    22 ||   128
 Cast: Ensorcelled Hiber |    13 |    43 |   117 |   160 |   134 ||   467
       Confuse           |       |     5 |    37 |   113 |    19 ||   174
       Tukima's Dance    |       |       |       |     3 |     4 ||     7
       Dazzling Spray    |       |       |       |    35 |       ||    35
Invok: Call Merchant     |       |       |       |       |     3 ||     3
 Abil: End Transformatio |       |       |       |       |     1 ||     1
       Bat Form          |       |       |       |       |     1 ||     1
Evoke: Wand              |       |       |       |     6 |     1 ||     7
  Use: Scroll            |       |     7 |     7 |    18 |     1 ||    33
       Potion            |       |       |       |     5 |       ||     5
 Stab: Sleeping          |    24 |    38 |    94 |   132 |    92 ||   380
       Distracted        |       |     2 |       |     2 |     5 ||     9
       Confused          |       |     3 |     9 |    32 |     8 ||    52
       Invisible         |       |       |       |    13 |       ||    13
Armor: Robe              |    13 |    23 |    54 |       |       ||    90
       Leather armour    |       |       |       |    92 |    46 ||   138
Dodge: Dodged            |    57 |   102 |   158 |   385 |   389 ||  1091
Block: Buckler           |       |       |       |       |     4 ||     4
